 Dungeon Crawl Stone Soup version 0.25-a0-294-gea9b1ad378 (webtiles) character file.

Game seed: 7287177080258846978, levelgen mode: deterministic

59 MoonlitKnight the Cudgeler (level 3, 0/33 HPs)
             Began as a Minotaur Berserker on Dec 16, 2019.
             Was a Believer of Trog.
             Killed by nerve-wracking pain
             ... invoked by Grinder
              (11 damage)
             ... on level 3 of the Dungeon.
             The game lasted 00:02:49 (1085 turns).

MoonlitKnight the Cudgeler (Minotaur Berserker)     Turns: 1085, Time: 00:02:50

Health: 0/33       AC:  7    Str: 22    XL:     3   Next: 78%
Magic:  2/2        EV: 12    Int:  4    God:    Trog [**....]
Gold:   97         SH:  0    Dex:  9    Spells: 2/2 levels left

rFire    . . .     SeeInvis .   m - +0 whip
rCold    . . .     Gourm    .   (no shield)
rNeg     . . .     Faith    .   n - +3 leather armour
rPois    .         Spirit   .   (helmet restricted)
rElec    .         Reflect  .   (no cloak)
rCorr    .         Harm     .   r - +0 pair of gloves (curse)
MR       .....                  (no boots)
Stlth    +.........             (no amulet)
HPRegen  0.11/turn              (no ring)
MPRegen  0.08/turn              (no ring)

@: no status effects
A: retaliatory headbutt, horns 2
a: Berserk, Trog's Hand, Renounce Religion


You were on level 3 of the Dungeon.
You worshipped Trog.
Trog was pleased with you.
You were hungry.

You visited 1 branch of the dungeon, and saw 3 of its levels.

You collected 97 gold pieces.

Inventory:

Hand Weapons
 m - a +0 whip (weapon)
Armour
 n - a +3 leather armour (worn)
 r - a cursed +0 pair of gloves (worn)
Scrolls
 b - 5 scrolls of blinking {unknown}
 d - 6 scrolls of identify {unknown}
 e - a scroll of amnesia {unknown}
 g - 2 scrolls of teleportation {unknown}
 h - a scroll of fear {unknown}
 l - 4 scrolls of remove curse {unknown}
 o - a scroll of magic mapping {unknown}
 p - a scroll of immolation {unknown}
 q - a scroll of enchant weapon {unknown}
 s - a scroll of random uselessness {unknown}
Potions
 a - 4 potions of curing {unknown}
 f - 2 potions of agility {unknown}
 j - a potion of ambrosia {unknown}
 k - a potion of flight {unknown}
Comestibles
 c - 3 rations
 i - 4 chunks of flesh


   Skills:
 + Level 4.2 Fighting
 * Level 4.9 Maces & Flails
 + Level 3.1 Armour
 - Level 2.1 Dodging


You had 2 spell levels left.
You didn't know any spells.
Your spell library was empty.

Dungeon Overview and Level Annotations

Branches:
Dungeon (3/15)

Altars:

Annotations:
D:3 Grinder


Innate Abilities, Weirdness & Mutations

You reflexively headbutt those who attack you in melee.
You have a pair of horns on your head.


Message History

Unknown command.
You barely miss Grinder.
Grinder is severely wounded.
Grinder gestures at you.
You suddenly lose the ability to move!
Grinder gestures at you. Pain shoots through your body!
Grinder blinks!
You can move again.
Grinder blinks!
Grinder gestures at you.
You shrug off the repeated paralysis!
Grinder barely misses you.
You barely miss Grinder. You headbutt Grinder, but do no damage.
Grinder is severely wounded.
You hit Grinder but do no damage.
Grinder is severely wounded.
Grinder gestures at you. Pain shoots through your body!
You die...

###### ######....#
# #.........#.#
#..#.###@5.....##.
#.........†..>....
#..#.#....######..
#.##.# #....#
#...<# #.##.# #.
### #.


You could see Grinder.

Vanquished Creatures
  An adder (D:2)
  A worm (D:2)
  2 dart slugs
  6 bats
  4 giant cockroaches
  7 goblins
  3 hobgoblins (D:2)
  A quokka (D:2)
  4 frilled lizards
  5 kobolds
  10 rats
44 creatures vanquished.

Notes
Turn   | Place    | Note
-------+----------+-------------------------------------------
     0 | D:1      | MoonlitKnight the Minotaur Berserker began the quest for
                  | the Orb.
     0 | D:1      | Reached XP level 1. HP: 19/19 MP: 0/0
   131 | D:1      | Reached XP level 2. HP: 25/27 MP: 1/1
   491 | D:1      | You fall into a shaft and drop 1 floor!
   532 | D:2      | Reached XP level 3. HP: 31/33 MP: 2/2
   540 | D:2      | Reached ** piety under Trog
  1060 | D:3      | Noticed Grinder
  1062 | D:3      | Paralysed by Grinder for 6 turns
  1075 | D:3      | Paralysed by Grinder for 5 turns
  1085 | D:3      | Killed from afar by Grinder

Levels and vault maps discovered:
D:1:      wheals_arrival_shading, layout_rooms, minmay_misc_feat_room
D:2:      layout_rooms, minmay_heptomino_h4
D:3:      layout_basic, portal_sewer_entry_c, uniq_grinder

Skill      XL: |  1  2 |
---------------+-------+-----
Maces & Flails | 4 |  4.9
Fighting       | 4 |  4.2
Armour         | 3 |  3.1
Dodging        | |  2.1

Action                   || total
-------------------------++-------
Melee: Mace              ||    26
       Headbutt          ||    17
       Whip              ||    51
Armor: Ring mail         ||    23
       Leather armour    ||    13
Dodge: Dodged            ||    67

Table legend:
 A = Non-vault XP
 B = Vault XP
 C = Vault XP percentage of total XP
 D = Non-vault monster count
 E = Vault monster count
 F = Vault count percentage of total count
                 A         B        C        D         E       F
            +---------+---------+-------+---------+---------+-------
      Total |      82 |       3 |   3.5 |      42 |       2 |   4.5
            +---------+---------+-------+---------+---------+-------
        D:1 |      32 |       0 |   0.0 |      21 |       0 |   0.0
        D:2 |      46 |       3 |   6.1 |      18 |       2 |  10.0
        D:3 |       4 |       0 |   0.0 |       3 |       0 |   0.0
            +---------+---------+-------+---------+---------+-------
